 Dungeon Crawl Stone Soup version 0.21.1-1-g345015f (webtiles) character file.

30 tidbits the Grave Robber (level 3, 7/25 HPs)
             Began as a Gnoll Necromancer on June 16, 2018.
             Quit the game on level 3 of the Dungeon.
             The game lasted 00:01:40 (153 turns).

tidbits the Grave Robber (Gnoll Necromancer)         Turns: 153, Time: 00:01:41

Health: 7/25       AC:  2    Str: 10    XL:     3   Next: 18%
Magic:  6/9        EV: 14    Int: 18    God:
Gold:   0          SH:  0    Dex: 15    Spells: 11/12 levels left

rFire    . . .     SeeInvis .   a - +0 short sword
rCold    . . .     Gourm    .   (no shield)
rNeg     . . .     Faith    .   h - +0 robe
rPois    .         Spirit   .   (no helmet)
rElec    .         Reflect  .   (no cloak)
rCorr    .         Harm     .   (no gloves)
MR       .....                  (no boots)
Stlth    +++.......             (no amulet)
HPRegen  0.08/turn              (no ring)
MPRegen  0.11/turn              (no ring)

@: no status effects
A: distributed training, fangs 1, strong nose
a: no special abilities


You were on level 3 of the Dungeon.
You were not hungry.

You visited 1 branch of the dungeon, and saw 3 of its levels.

Inventory:

Hand Weapons
 a - a +0 short sword (weapon)
Armour
 h - a +0 robe (worn)
Scrolls
 g - 2 scrolls of remove curse {unknown}
 i - a scroll of identify {unknown}
Potions
 d - 3 potions of heal wounds {unknown}
 e - a potion of might {unknown}
 f - a potion of curing {unknown}
Books
 b - a book of Necromancy

   Spells                             Type                      Level
   a - Pain                           Necromancy                   1
   b - Animate Skeleton               Necromancy                   1
   c - Vampiric Draining              Necromancy                   3
   d - Regeneration                   Charms/Necromancy            3
   e - Animate Dead                   Necromancy                   4
   f - Borgnjor's Vile Clutch         Necromancy/Earth             5
Comestibles
 c - 2 rations


   Skills:
 + Level 0.6 Fighting
 + Level 0.6 Short Blades
 + Level 0.6 Long Blades
 + Level 0.6 Axes
 + Level 0.6 Maces & Flails
 + Level 0.6 Polearms
 + Level 0.6 Staves
 + Level 0.6 Slings
 + Level 0.6 Bows
 + Level 0.6 Crossbows
 + Level 0.6 Throwing
 + Level 0.6 Armour
 + Level 4.5 Dodging
 + Level 4.1 Stealth
 + Level 0.6 Shields
 + Level 0.6 Unarmed Combat
 + Level 5.0 Spellcasting
 + Level 0.4 Conjurations
 + Level 0.4 Hexes
 + Level 0.4 Charms
 + Level 0.4 Summonings
 + Level 7.1 Necromancy
 + Level 0.4 Translocations
 + Level 0.4 Transmutations
 + Level 0.4 Fire Magic
 + Level 0.4 Ice Magic
 + Level 0.4 Air Magic
 + Level 0.4 Earth Magic
 + Level 0.4 Poison Magic
 + Level 0.8 Invocations
 + Level 0.6 Evocations


You had 11 spell levels left.
You knew the following spells:

 Your Spells              Type           Power        Failure   Level  Hunger
a - Pain                  Necr           ####         1%          1    None


Dungeon Overview and Level Annotations

Branches:
Dungeon (3/15)

Altars:
Ashenzari
Elyvilon
Gozag
Makhleb


Innate Abilities, Weirdness & Mutations

Your experience applies equally to all skills.
You have very sharp teeth.
Your uncanny sense of smell can sniff out nearby items.


Message History

Press: ? - help, Shift-Dir - straight line, f - bat
Aim: a bat (chance to defeat MR: 93%)
The bat writhes in agony!
Casting: Pain
Confirm with . or Enter, or press ? or * to list all spells.
Aiming: Pain
Press: ? - help, Shift-Dir - straight line, f/p - bat
Aim: a bat (moderately wounded, chance to defeat MR: 93%)
The bat writhes in agony!
You kill the bat!
Casting: Pain
Confirm with . or Enter, or press ? or * to list all spells.
Aiming: Pain
Press: ? - help, Shift-Dir - straight line, f - rat
Aim: a rat (chance to defeat MR: 93%)
The rat writhes in agony!
You kill the rat!
You see here a scroll labeled ZEIRHU WESE.
g - 2 scrolls labeled ZEIRHU WESE (gained 1)
A rat comes into view.
Found a stone staircase leading down.
Found a ration and a short sword.
Unknown command.
Casting: Pain
Confirm with . or Enter, or press ? or * to list all spells.
Aiming: Pain
Press: ? - help, Shift-Dir - straight line, f - rat
Aim: a rat (resting, chance to defeat MR: 93%)
The rat writhes in agony!
You kill the rat!
Found a ration.
You see here a ration.
c - 2 rations (gained 1)
You see here a short sword.
h - a short sword Wield which item (- for none, * to show all)? (? for menu, Esc to quit)
h - a +0 short sword (weapon)
Adjust (i)tems, (s)pells, or (a)bilities?
Adjust which item? (? for menu, Esc to quit)
h - a +0 short sword (weapon)
Adjust to which letter? (? for menu, Esc to quit)
a - a +0 short sword (weapon);
h - a +0 robe (worn)
There is a stone staircase leading down here.
You climb downwards.
A bat comes into view.
Found 26 stones.
Found a stone staircase leading down.
There is a stone staircase leading up here.
Found a scroll labeled SUOMUAMENT.
You see here a scroll labeled SUOMUAMENT.
i - a scroll labeled SUOMUAMENT A kobold comes into view.
It is wielding a whip.
The kobold shouts!
You closely miss the kobold. You bite the kobold, but do no damage.
The kobold hits you with a whip.
* * * LOW HITPOINT WARNING * * *
Casting: Pain
Confirm with . or Enter, or press ? or * to list all spells.
Aiming: Pain
Press: ? - help, Shift-Dir - straight line, f - kobold
Aim: a kobold, wielding a whip (chance to defeat MR: 93%)
The kobold writhes in agony!
You kill the kobold!
Things that are here:
a whip; a kobold corpse An adder comes into view.
A jackal comes into view.
The jackal moves out of view.
Unknown command.
A jackal comes into view.
A jackal comes into view.
Found 27 stones.
Found a shattered altar of Ashenzari.
Unknown command.
The helpless adder fails to defend itself.
You puncture the adder!
You kill the adder!
Your Spellcasting skill increases to level 5!
You have reached level 3!
Your experience leads to an increase in your attributes!
Increase (S)trength, (I)ntelligence, or (D)exterity?
You feel clever.
A goblin and a gnoll come into view.
The gnoll is wielding a flail of protection.
The goblin moves out of view.
Found a bubbling golden potion.
You see here an adder corpse.
A jackal comes into view.
The jackal barks! x2; You hear a shout!
The bat barely misses you.
Found 8 gold pieces.
Found a white marble altar of Elyvilon.
The bat closely misses you. The bat hits you.
* * * LOW HITPOINT WARNING * * *
Found 4 gold pieces.
Found a burning altar of Makhleb.
Unknown command.
The bat barely misses you. The jackal bites you.
* * * LOW HITPOINT WARNING * * *
The bat barely misses you. The jackal closely misses you.
Found 22 stones.
Found an opulent altar of Gozag.
Unknown command.
Are you sure you want to abandon this character and quit the game? (Confirm with "yes".)

#..........#..#
####.#######..##.##.#
#.# #..#...#.# #.#
#....!.g. #.#
##.#...# #.#
#.#..(###$. #.#
#.........
#.########.#.h.#
#........†.b@h#
#########..##.# #..#


.hh #..# ..._. .... ....$_. #...#........ #.g.#._.(⌠.._ #...# ....... You could
see 4 jackals, a goblin and a bat.

Vanquished Creatures
  2 adders
  2 bats
  2 giant cockroaches
  A hobgoblin (D:2)
  A frilled lizard (D:2)
  2 kobolds
  3 rats (D:2)
13 creatures vanquished.

Notes
Turn   | Place    | Note
-------+----------+-------------------------------------------
     0 | D:1      | tidbits the Gnoll Necromancer began the quest for the Orb.
     0 | D:1      | Reached XP level 1. HP: 13/13 MP: 6/6
    38 | D:2      | Reached XP level 2. HP: 14/20 MP: 3/7
   147 | D:3      | Found a shattered altar of Ashenzari.
   148 | D:3      | Reached skill level 5 in Spellcasting
   148 | D:3      | Reached XP level 3. HP: 10/25 MP: 5/9
   150 | D:3      | Found a white marble altar of Elyvilon.
   151 | D:3      | Found a burning altar of Makhleb.
   152 | D:3      | Found an opulent altar of Gozag.
   153 | D:3      | Quit the game

Skill      XL: |  1  2 |
---------------+-------+-----
Spellcasting   | 5 |  5.0
Fighting       | |  0.6
Short Blades   | |  0.6
Long Blades    | |  0.6
Axes           | |  0.6
Maces & Flails | |  0.6
Polearms       | |  0.6
Staves         | |  0.6
Slings         | |  0.6
Bows           | |  0.6
Crossbows      | |  0.6
Throwing       | |  0.6
Armour         | |  0.6
Dodging        | |  4.5
Stealth        | |  4.1
Shields        | |  0.6
Unarmed Combat | |  0.6
Conjurations   | |  0.4
Hexes          | |  0.4
Charms         | |  0.4
Summonings     | |  0.4
Necromancy     | |  7.1
Translocations | |  0.4
Transmutations | |  0.4
Fire Magic     | |  0.4
Ice Magic      | |  0.4
Air Magic      | |  0.4
Earth Magic    | |  0.4
Poison Magic   | |  0.4
Invocations    | |  0.8
Evocations     | |  0.6

Action                   || total
-------------------------++-------
Melee: Unarmed           ||     1
       Short sword       ||     2
       Bite              ||     1
 Cast: Pain              ||    14
 Stab: Sleeping          ||     2
Dodge: Dodged            ||     5

Table legend:
 A = Turns spent in this place as a percentage of turns spent in the entire game.
 B = Non-inter-level travel turns spent in this place as a percentage of non-inter-level travel turns spent in the entire game.
 C = Inter-level travel turns spent in this place as a percentage of turns spent in this place.
 D = Turns resting spent in this place as a percentage of non-inter-level travel turns spent in this place.
 E = Turns spent auto-exploring this place as a percentage of non-inter-level travel turns spent in this place.
 F = Non-inter-level travel turns spent in this place divided by the number of levels of this place that you've seen.
                   A       B       C       D       E      F
               +-------+-------+-------+-------+-------+----------------------
         Total | 100.0 | 100.0 |   0.0 |   0.0 |   0.0 |  51.0
       Dungeon | 100.0 | 100.0 |   0.0 |   0.0 |   0.0 |  51.0
               +-------+-------+-------+-------+-------+----------------------

Table legend:
 A = Kills in this place as a percentage of kills in entire the game.
 B = Kills by you in this place as a percentage of kills by you in the entire game.
 C = Kills by friends in this place as a percentage of kills by friends in the entire game.
 D = Other kills in this place as a percentage of other kills in the entire game.
 E = Experience gained in this place as a percentage of experience gained in the entire game.
 F = Experience gained in this place divided by the number of levels of this place that you have seen.
                   A       B       C       D       E      F
               +-------+-------+-------+-------+-------+----------------------
         Total | 100.0 | 100.0 |   N/A |   N/A | 100.0 |  14.3
       Dungeon | 100.0 | 100.0 |   N/A |   N/A | 100.0 |  14.3
               +-------+-------+-------+-------+-------+----------------------

Vault maps used:
D:1:      tarquinn_simple_flora_water_c
D:2:      first_ration, interstate_on_off, uniq_sigmund
D:3:      grunt_temple_overflow_open, uniq_grinder
